 Dungeon Crawl Stone Soup version 0.23.2-1-ga50397a6bc (webtiles) character file.

Game seed: 7377128863109924309

53 GreaterElenko the Sneak (level 3, -1/16 HPs)
             Began as a Spriggan Conjurer on Apr 20, 2019.
             Slain by a worm (10 damage)
             ... on level 2 of the Dungeon.
             The game lasted 00:04:09 (1618 turns).

GreaterElenko the Sneak (Spriggan Conjurer)         Turns: 1618, Time: 00:04:10

Health: -1/16      AC:  2    Str:  4    XL:     3   Next: 62%
Magic:  1/9        EV: 19    Int: 17    God:
Gold:   80         SH:  0    Dex: 16    Spells: 6/9 levels left

rFire    . . .     SeeInvis +   i - +1 dagger (speed)
rCold    . . .     Gourm    .   (shield restricted)
rNeg     . . .     Faith    .   a - +0 robe
rPois    .         Spirit   .   (helmet restricted)
rElec    .         Reflect  .   (no cloak)
rCorr    .         Harm     .   (gloves unavailable)
MR       .....                  (boots unavailable)
Stlth    +++.......             (no amulet)
HPRegen  0.05/turn              (no ring)
MPRegen  0.11/turn              (no ring)

@: very quick
A: very small, unfitting armour, see invisible, herbivore, speed 3, slow
metabolism 2
a: no special abilities


You were on level 2 of the Dungeon.
You were not hungry.

You visited 1 branch of the dungeon, and saw 2 of its levels.

You collected 80 gold pieces.

Inventory:

Hand Weapons
 i - a +1 dagger of speed (weapon)
   (You took it off a goblin on level 1 of the Dungeon)
Armour
 a - a +0 robe (worn)
Scrolls
 d - 3 scrolls of amnesia {unknown}
 f - 2 scrolls of teleportation {unknown}
 g - a scroll of identify {unknown}
 j - 3 scrolls of remove curse {unknown}
Potions
 b - a potion of curing {unknown}
 c - 2 potions of haste {unknown}
 h - 2 potions of magic {unknown}
Comestibles
 e - 2 rations {!d}


   Skills:
 + Level 3.7 Dodging
 + Level 3.9 Stealth
 * Level 3.8 Spellcasting
 + Level 3.2 Conjurations


You had 6 spell levels left.
You knew the following spells:

 Your Spells              Type           Power        Failure   Level  Hunger
a - Magic Dart            Conj           ##..         4%          1    None
s - Searing Ray           Conj           ##....       7%          2    ##.....

Your spell library contained the following spells:

 Spells                   Type           Power        Failure   Level  Hunger
 Dazzling Spray           Conj/Hex       #.....       26%         3    ###....
 Iskenderun's Mystic Bla  Conj           ##......     41%         4    ####...
 Force Lance              Conj/Tloc      #.......     63%         4    ####...
 Fulminant Prism          Conj/Hex       #.........   63%         4    ####...


Dungeon Overview and Level Annotations

Branches:
Dungeon (2/15)

Altars:


Innate Abilities, Weirdness & Mutations

You are very small and have problems with some larger weapons.
You are too small for most types of armour.
You have supernaturally acute eyesight. (SInv)
You are a herbivore.
You cover ground extremely quickly.
You need to consume almost no food.


Message History

The adder hisses angrily.
Aim: an adder (lightly wounded)
The magic dart hits the adder.
The adder bites you.
Aim: an adder (heavily wounded)
The magic dart hits the adder but does no damage.
The adder misses you.
Aim: an adder (heavily wounded)
The magic dart hits the adder.
The adder barely misses you.
Aim: an adder (severely wounded)
The magic dart hits the adder but does no damage.
The adder barely misses you.
Aim: an adder (severely wounded)
The magic dart hits the adder.
The adder completely misses you. The adder barely misses you.
Aim: an adder (severely wounded)
The magic dart hits the adder.
You kill the adder!
Unknown command.
Memorise Searing Ray, consuming 2 spell levels and leaving 6?
You start memorising the spell.
You continue memorising. x2
You finish memorising.
Spell assigned to 's'.
Okay, then.
Unknown command.
You see here an adder corpse.
You see here a pair of boots.
There is a stone staircase leading down here.
Found 8 gold pieces.
A worm comes into view.
A worm is nearby!
Aim: a worm (resting)
The magic dart hits the worm.
Aim: a worm The magic dart hits the worm.
Aim: a worm (lightly wounded)
The magic dart hits the worm.
Aim: a worm (moderately wounded)
The magic dart hits the worm.
You don't have enough magic to cast that spell.
Unknown command.
There is a stone staircase leading down here.
Aim: a worm (moderately wounded)
The magic dart hits the worm.
You hit the worm. The worm misses you.
You hit the worm. You hit the worm. You hit the worm. The worm bites you!
You barely miss the worm. You hit the worm. The worm bites you!
Ouch! That really hurt!
You die...

###############
######
#..............
.....#####
#.############# ...
...# #.#
.###.#.###.####.#
....$......w@...#####
.##....######.......#
....... #######.#
.....#. ####.#######
####... #.(....[...#
. .. #.##.#####.# #
..# #.##.# #.# ..
#....# #.# #..#.# #.#


You could see a worm.

Vanquished Creatures
  An adder (D:2)
  A dart slug (D:1)
  4 giant cockroaches
  3 goblins (D:1)
  6 hobgoblins (D:1)
  3 jackals (D:1)
  2 quokkas (D:2)
  3 bats
  6 frilled lizards (D:1)
  7 kobolds
  3 rats (D:1)
39 creatures vanquished.

Notes
Turn   | Place    | Note
-------+----------+-------------------------------------------
     0 | D:1      | GreaterElenko the Spriggan Conjurer began the quest for the
                  | Orb.
     0 | D:1      | Reached XP level 1. HP: 9/9 MP: 5/5
   257 | D:1      | Reached XP level 2. HP: 13/13 MP: 1/7
   769 | D:1      | Reached XP level 3. HP: 16/16 MP: 3/8
  1556 | D:2      | Learned a level 2 spell: Searing Ray
  1618 | D:2      | Slain by a worm

Skill      XL: |  1 |
---------------+----+-----
Conjurations   | 3 |  3.2
Spellcasting   | 3 |  3.8
Dodging        | |  3.7
Stealth        | |  3.9

Action                   || total
-------------------------++-------
Melee: Unarmed           ||    30
       Dagger            ||    41
 Cast: Magic Dart        ||    98
Armor: Robe              ||     4
Dodge: Dodged            ||    73
